 Dungeon Crawl Stone Soup version 0.31.0-9-g3a7656b989 (webtiles) character file.

Game seed: 15195193672668628757

53 qw the Shooter (level 3, -1/20 HPs)
             Began as a Deep Elf Hunter on Feb 2, 2024.
             Slain by a gnoll
             ... wielding a +0 flail
              (9 damage)
             ... on level 3 of the Dungeon.
             The game lasted 00:00:06 (1533 turns).

qw the Shooter (Deep Elf Hunter)                    Turns: 1533, Time: 00:00:07

Health: -1/20      AC:  3    Str:  7 (10) XL:     3   Next: 64%
Magic:  5/5        EV: 12    Int: 11 (13) God:
Gold:   100        SH:  0    Dex: 15 (18) Spells: 2/2 levels left

rFire   . . .        a - +0 shortbow
rCold   . . .        (shield currently unavailable)
rNeg    . . .        c - +0 leather armour
rPois   .            (no helmet)
rElec   .            (no cloak)
rCorr   .            (no gloves)
SInv    .            (no boots)
Will    .....        f - amulet of the acrobat
Stlth   ++           (no ring)
HPRegen 0.23/turn    (no ring)
MPRegen 0.09/turn

%: acrobat
@: no status effects
A: no striking features
a: no special abilities


You were on level 3 of the Dungeon.
You visited 1 branch of the dungeon, and saw 3 of its levels.

You collected 100 gold pieces.


   Skills:
 - Level 1.5 Fighting
 + Level 7.1 Ranged Weapons
 - Level 2.4 Dodging
 - Level 1.2 Stealth


You had 2 spell levels left.
You didn't know any spells.
Your spell library was empty.

Inventory:

Hand Weapons
 a - a +0 shortbow (weapon)
Armour
 c - a +0 leather armour (worn)
Jewellery
 f - an amulet of the acrobat (around neck)
Scrolls
 b - a scroll of enchant weapon {unknown}
 g - a scroll of vulnerability {unknown}
Potions
 d - a potion of might
 e - a potion of enlightenment
 h - a potion of mutation {unknown}
 i - a potion of curing {unknown}

Dungeon Overview and Level Annotations

Branches:
Dungeon (3/15)

Altars:
Elyvilon
Nemelex Xobeh


Message History

The gnoll closely misses you.
Enter note:
1520 ||| RETREEEEATING.
The gnoll attacks as it pursues you! The gnoll completely misses you.
Enter note:
1521 ||| RETREEEEATING.
Enter note:
1522 ||| RETREEEEATING.
Enter note:
1523 ||| RETREEEEATING.
Enter note:
Enter note:
1524 ||| RETREEEEATING.
The quokka misses you.
Enter note:
1525 ||| RETREEEEATING.
You shoot an arrow.
The arrow hits the quokka but does no damage.
The quokka is severely wounded.
The quokka bites you.
You shoot an arrow. The arrow closely misses the quokka.
The quokka bites you.
You shoot an arrow. The arrow hits the quokka.
You kill the quokka!
You shoot an arrow. The arrow hits the gnoll.
The gnoll is severely wounded.
The gnoll closely misses you.
1530 ||| RETREEEEATING.
You shoot an arrow. The arrow hits the gnoll.
The gnoll is almost dead.
The gnoll hits you with a +0 flail.
You shoot an arrow.
The arrow hits the gnoll but does no damage.
The gnoll is almost dead.
The gnoll barely misses you. The gnoll hits you with a +0 flail.
You shoot an arrow. The arrow closely misses the gnoll.
The arrow hits the ball python.
You kill the ball python!
The gnoll hits you with a +0 flail!
You die...

##### ##gg@##
#########g###.##
.####.%....g.## ##.#
.............# #.#
......######)## ##.#
..##..#######.###.##
. #..g.........).##
#...########...#
..g...# #...########


You could see 3 gnolls.

Vanquished Creatures
  2 adders
  A dart slug (D:2)
  A ribbon worm (D:2)
  4 endoplasms
  2 giant cockroaches (D:2)
  4 goblins
  3 kobolds
  3 quokkas
  5 ball pythons
  A bat (D:2)
  2 frilled lizards
  3 rats (D:1)
31 creatures vanquished.

Notes
Turn   | Place    | Note
-------+----------+-------------------------------------------
     0 | D:1      | qw the Deep Elf Hunter began the quest for the Orb.
     0 | D:1      | Reached XP level 1. HP: 12/12 MP: 3/3
     0 | D:1      | 0 ||| qw: Version: 0.3-a-155-g5e7d8dd
     0 | D:1      | 0 ||| qw: Game counter: 2785
     0 | D:1      | 0 ||| qw: Melee chars always use a shield: true
     0 | D:1      | 0 ||| qw: God list: Okawaru
     0 | D:1      | 0 ||| qw: Allow faded altars: false
     0 | D:1      | 0 ||| qw: Do Orc after clearing Dungeon:15 true
     0 | D:1      | 0 ||| qw: Do second Lair branch before Depths: true
     0 | D:1      | 0 ||| qw: Lair rune preference: random
     0 | D:1      | 0 ||| qw: Goals: Normal
     0 | D:1      | 0 ||| PLANNING D:1-11
    34 | D:1      | Found a faded altar of an unknown god.
   147 | D:1      | 147 ||| READING scroll labelled VIDEIH SODUA.
   148 | D:1      | 148 ||| READING scroll labelled BIOGET KAANYAM.
   149 | D:1      | 149 ||| READING scroll labelled MUORAKI IXZOU.
   150 | D:1      | 150 ||| DROPPING scroll of butterflies.
   606 | D:1      | Reached XP level 2. HP: 16/16 MP: 4/4
   696 | D:1      | 696 ||| READING scroll labelled UMIOTUZANO.
   697 | D:1      | 697 ||| DRINKING 2 viscous yellow potions.
   698 | D:1      | 698 ||| DROPPING potion of degeneration.
   718 | D:2      | Reached skill level 6 in Ranged Weapons
   976 | D:2      | Reached XP level 3. HP: 17/20 MP: 5/5
  1270 | D:2      | 1270 ||| UPGRADING to amulet of the acrobat.
  1275 | D:2      | 1275 ||| READING 3 scrolls labelled KOUMNO SICUURCH.
  1275 | D:2      | 1275 ||| IDENTIFYING sapphire potion
  1276 | D:2      | 1276 ||| READING 2 scrolls of identify.
  1276 | D:2      | 1276 ||| IDENTIFYING glowing grey potion
  1277 | D:2      | 1277 ||| READING scroll of identify.
  1277 | D:2      | 1277 ||| IDENTIFYING orange potion
  1278 | D:2      | 1278 ||| READING scroll labelled XISMUNECSI.
  1279 | D:2      | 1279 ||| DROPPING potion of attraction.
  1304 | D:3      | Found a white marble altar of Elyvilon.
  1304 | D:3      | Found a sparkling altar of Nemelex Xobeh.
  1342 | D:3      | Reached skill level 7 in Ranged Weapons
  1342 | D:3      | HP: 5/20 [poisoned by an adder]
  1346 | D:3      | HP: 2/20 [poisoned by an adder]
  1512 | D:3      | 1512 ||| RETREEEEATING.
  1513 | D:3      | 1513 ||| RETREEEEATING.
  1514 | D:3      | 1514 ||| RETREEEEATING.
  1515 | D:3      | 1515 ||| RETREEEEATING.
  1517 | D:3      | 1517 ||| RETREEEEATING.
  1519 | D:3      | 1519 ||| RETREEEEATING.
  1520 | D:3      | 1520 ||| RETREEEEATING.
  1521 | D:3      | 1521 ||| RETREEEEATING.
  1522 | D:3      | 1522 ||| RETREEEEATING.
  1523 | D:3      | 1523 ||| RETREEEEATING.
  1524 | D:3      | 1524 ||| RETREEEEATING.
  1525 | D:3      | 1525 ||| RETREEEEATING.
  1530 | D:3      | 1530 ||| RETREEEEATING.
  1533 | D:3      | Slain by a gnoll

Levels and vault maps discovered:
D:1:      roderic_dead_forest, layout_rooms, serial_co_window_serial,
          co_window_paths_a, co_window_corner_a, co_window_corner_a,
          co_window_of_opportunity_a, co_window_of_opportunity_a,
          co_window_of_opportunity_a, co_window_paths_a, co_window_paths_b,
          co_window_corner_a, co_window_broadway_a, co_window_broadway_b,
          co_window_paths_c, co_window_4corner_a, glass_columns_a,
          glass_columns_b, hellmonk_ecumenical_altar_lost_god
D:2:      layout_loops_ring
D:3:      layout_loops_ring, mainiacjoe_overflow_divided_tiny

Skill      XL: |  1  2  3 |
---------------+----------+-----
Ranged Weapons | 6 7 |  7.1
Fighting       | |  1.5
Dodging        | |  2.4
Stealth        | |  1.2

Action                     || total
---------------------------++-------
   Fire: Shortbow          ||    94
    Use: Scroll            ||     8
         Potion            ||     1
 Armour: Leather armour    ||    17
  Dodge: Dodged            ||    24

Table legend:
 A = Non-vault XP
 B = Vault XP
 C = Vault XP percentage of total XP
 D = Non-vault monster count
 E = Vault monster count
 F = Vault count percentage of total count
                 A         B        C        D         E       F
            +---------+---------+-------+---------+---------+-------
      Total |      78 |       0 |   0.0 |      31 |       0 |   0.0
            +---------+---------+-------+---------+---------+-------
        D:1 |      12 |       0 |   0.0 |       9 |       0 |   0.0
        D:2 |      38 |       0 |   0.0 |      13 |       0 |   0.0
        D:3 |      28 |       0 |   0.0 |       9 |       0 |   0.0
            +---------+---------+-------+---------+---------+-------
